 Dungeon Crawl Stone Soup version 0.31.0-12-g77e489cdc1 (webtiles) character file.

Game seed: 4788271588910804068

11042 Dalarin the Covert (level 11, -8/45 HPs)
             Began as a Spriggan Enchanter on Feb 18, 2024.
             Was a Follower of Ashenzari.
             Mangled by a komodo dragon (18 damage)
             ... on level 1 of the Lair of Beasts.
             The game lasted 02:06:43 (12416 turns).

Dalarin the Covert (Spriggan Enchanter)            Turns: 12416, Time: 02:06:44

Health: -8/45      AC:  3    Str:  6    XL:     11   Next: 44%
Magic:  19/25      EV: 25    Int: 19    God:    Ashenzari [*.....]
Gold:   426        SH:  0    Dex: 18    Spells: 11/29 levels left

rFire   + + .        i - +0 dagger "Shackled With Me" {drain, Elem, Fort} (curse)
rCold   + . .        (no shield)
rNeg    . . .        b - +1 robe
rPois   +            (helmet restricted)
rElec   .            f - scarf "Chained With Me" {rC+ rF+, Self, Cun} (curse)
rCorr   .            (gloves unavailable)
SInv    +            (boots unavailable)
Will    +....        (no amulet)
Stlth   +++          o - ring of protection from fire
HPRegen 0.27/turn    G - ring of poison resistance
MPRegen 0.19/turn

%: no passive effects
@: on blink cooldown, invisible, slow
A: very small, no large weapons, unfitting armour, see invisible, speed 3, horns
1, thin skeletal structure 1, frail 1
a: Renounce Religion, Curse Item, Shatter the Chains


You were on level 1 of the Lair of Beasts.
You worshipped Ashenzari.
Ashenzari was aware of your devotion.
You visited 3 branches of the dungeon, and saw 12 of its levels.

You collected 580 gold pieces.
You spent 154 gold pieces at shops.

Inventory:

Hand Weapons
 a - a +3 dagger
 i - the cursed +0 dagger "Shackled With Me" (weapon) {drain, Elem, Fort}
   (You took it off a kobold on level 3 of the Dungeon)

   It has a curse which improves the following skills: Elements: Fire Magic, Ice
   Magic, Air Magic and Earth Magic.
   Fortitude: Armour and Shields.
 H - a +2 dagger of venom
Missiles
 k - 3 darts of dispersal
 y - a throwing net
 z - 24 poisoned darts (quivered)
Armour
 b - a +1 robe (worn)
 f - the cursed scarf "Chained With Me" (worn) {rC+ rF+, Self, Cun}
   (You found it on level 2 of the Dungeon)

   It has a curse which improves the following skills: Introspection: Fighting
   and Spellcasting.
   Cunning:   Dodging and Stealth.
Jewellery
 o - a ring of protection from fire (left hand)
 G - a ring of poison resistance (right hand)
Wands
 l - a wand of paralysis (5)
 n - a wand of flame (16)
 x - a wand of quicksilver (8)
 D - a wand of digging (5)
Scrolls
 e - 5 scrolls of vulnerability
 g - 3 scrolls of fear
 h - 3 scrolls of teleportation
 j - 2 scrolls of enchant armour
 t - 3 scrolls of identify
 u - a scroll of blinking
 v - 2 scrolls of amnesia
 w - a scroll of silence
 A - a scroll of fog
 E - a scroll of immolation
 F - a scroll of revelation
Potions
 c - 2 potions of invisibility
 d - 3 potions of attraction
 m - 2 potions of magic
 p - 3 potions of lignification
 q - a potion of berserk rage
 s - a potion of ambrosia
 B - 2 potions of brilliance
 C - 2 potions of resistance


   Skills:
 - Level 2.0(2.6) Fighting
 + Level 8.0 Short Blades
 + Level 9.8(10.6) Dodging
 + Level 11.8(12.5) Stealth
 + Level 9.0(9.8) Spellcasting
 - Level 2.0 Conjurations
 + Level 9.2 Hexes
 - Level 4.0 Translocations
 - Level 3.8(4.5) Ice Magic
 + Level 5.8 Alchemy


You had 11 spell levels left.
You knew the following spells:

 Your Spells              Type           Power      Damage    Failure   Level
a - Ensorcelled Hibernat  Hex/Ice        70%        N/A       1%          2
b - Confusing Touch       Hex            44%        N/A       1%          3
c - Mephitic Cloud        Conj/Alch/Air  19%        N/A       8%          3
d - Tukima's Dance        Hex            44%        N/A       1%          3
e - Apportation           Tloc           48%        N/A       1%          1
f - Blink                 Tloc           48%        N/A       2%          2
g - Olgreb's Toxic Radia  Alch           31%        N/A       7%          4

Your spell library contained the following spells:

 Spells                   Type           Power      Damage    Failure   Level
 Sting                    Conj/Alch      96%        1d9       1%          1
 Dazzling Flash           Conj/Hex       60%        N/A       2%          3
 Magic Dart               Conj           64%        1d6       3%          1
 Mercury Vapours          Alch/Air       40%        N/A       3%          2
 Cigotuvi's Dreadful Rot  Necr/Alch/Air  32%        N/A       4%          2
 Necrotise                Necr           36%        1d5       8%          1
 Summon Small Mammal      Summ           36%        N/A       8%          1
 Call Imp                 Summ           18%        N/A       12%         2
 Call Canine Familiar     Summ           9%         N/A       22%         3
 Ignite Poison            Fire/Alch      20%        N/A       22%         4
 Silence                  Hex/Air        13%        N/A       30%         5
 Summon Mana Viper        Hex/Summ       26%        N/A       30%         5
 Summon Blazeheart Golem  Fire/Summ      9%         N/A       58%         4
 Summon Lightning Spire   Summ/Air       9%         N/A       58%         4
 Freezing Cloud           Conj/Ice/Air   8%         6-21      65%         5
 Curse of Agony           Necr           9%         N/A       91%         5
 Plasma Beam              Fire/Air       4%         2x1d14    100%        6


Dungeon Overview and Level Annotations

Branches:
Dungeon (10/15)            Temple (1/1) D:6            Lair (1/5) D:9
    Orc: D:9-12

Altars:
Ashenzari
Cheibriados
Dithmenos
Elyvilon
Fedhas
Gozag
Hepliaklqana
Kikubaaqudgha
Makhleb
Nemelex Xobeh
Okawaru
Qazlal
Ru
Sif Muna
Trog
Uskayaw
Vehumet
Wu Jian
Xom
Yredelemnul
Zin
The Shining One

Shops:
D:2 [   D:7 !

Annotations:
D:4 4 runed translucent doors
D:6 2 transporters, kalagan's ghost, novice DECj
D:10 Urug


Innate Abilities, Weirdness & Mutations

You are very small and have problems with some larger weapons.
You are too small for most types of armour.
You have supernaturally acute eyesight. (SInv)
You cover ground extremely quickly. (Speed+++)
You have a pair of small horns on your head.
You have a somewhat thin skeletal structure. (Dex +2, Stealth+)
You are frail. (-10% HP)


Message History

The wolf pauses to sniff the water.
A black bear comes into view.
The komodo dragon attacks as it pursues you!
The komodo dragon misses you.
Casting: Blink (safe; 2% risk of failure)
Confirm with . or Enter, or press ? or * to list all spells.
Aiming: Ensorcelled Hibernation (safe; 1% risk of failure)
Press: ? - help, Shift-Dir - straight line, f - komodo dragon, p - water moccasin
Aim: a komodo dragon (chance to affect: 46%)
The komodo dragon resists with some effort.
The komodo dragon closely misses you.
You feel ready to blink again.
The cane toad attacks as it pursues you!
The cane toad completely misses you.
Casting: Ensorcelled Hibernation (safe; 1% risk of failure)
Confirm with . or Enter, or press ? or * to list all spells.
You blink.
Splash!
You fall into the shallow water.
Moving in this stuff is going to be slow.
Found 5 stones.
You hear an angry growl.
The water moccasin bites you.
The komodo dragon attacks as it pursues you!
The komodo dragon completely misses you.
The water moccasin completely misses you.
The water moccasin bites you but does no damage.
The komodo dragon bites you!!
* * * LOW HITPOINT WARNING * * *
You feel better. The water moccasin misses you.
The water moccasin completely misses you.
The komodo dragon completely misses you.
Casting: Blink (safe; 2% risk of failure)
Confirm with . or Enter, or press ? or * to list all spells.
You are still too unstable to blink.
You fade into invisibility!
The water moccasin misses you.
The water moccasin completely misses you.
The komodo dragon bites you!!
You die...

####.. #.. ###.. ... ##.#.##
##.. . #########..... ##...
.(##P#.#........# #P...
...................# #...
.......P..PP.......# ####...
.....♣~~~~.~~......###.##...
....Ph~~~.~@h...##..........
...P~.~~≈~SSl~P.##.S........
....~~P≈≈≈≈F~PP.##..........
...P~~~~~.~~P...###P#####...
#.P~~.~~~~~...# ### ###P
#.#♣#....♣#.#.# ##
#.........# ##P#P.#####
####..#


You could see a komodo dragon, a cane toad, 2 water moccasins, a black bear and
a wolf.

Vanquished Creatures
  2 two-headed ogres
  A rust devil (D:9)
  A cane toad (Lair:1)
  4 komodo dragons (Lair:1)
  Grinder (D:6)
  Prince Ribbit (D:7)
  2 hornets (D:9)
  A vampire (D:9)
  8 yaks
  A vampire mosquito (D:8)
  Menkaure (D:6)
  An acid dragon (D:8)
  A water moccasin (D:9)
  2 sky beasts (D:8)
  3 black bears
  5 orc warriors
  3 ice beasts
  3 ogres
  2 wolves (D:9)
  6 centaurs
  3 phantoms
  4 gnoll sergeants
  5 bullfrogs
  2 kobold brigands (D:7)
  5 scorpions
  6 wights
  7 killer bees
  6 howler monkeys
  A jelly (D:6)
  A bombardier beetle (D:5)
  2 gnoll boudas
  7 orc priests
  4 hounds
  4 sleepcaps
  Terence (D:3)
  Ijyb (D:4)
  An iguana (D:6)
  12 orc wizards
  26 gnolls
  6 adders
  2 shadow imps
  2 ufetubi (D:6)
  3 dart slugs
  2 ribbon worms
  30 orcs
  6 bats
  9 endoplasms
  3 giant cockroaches
  7 goblins
  4 hobgoblins
  3 jackals (D:5)
  5 quokkas
  8 ball pythons
  6 frilled lizards
  21 kobolds
  2 rats
266 creatures vanquished.

Vanquished Creatures (collateral kills)
  2 wights (D:9)
  A gnoll bouda (D:7)
  3 gnolls
  An adder (D:5)
  2 orcs (D:8)
9 creatures vanquished.

Vanquished Creatures (others)
  13 dancing weapons
13 creatures vanquished.

Grand Total: 288 creatures vanquished

Notes
Turn   | Place    | Note
-------+----------+-------------------------------------------
     0 | D:1      | Dalarin the Spriggan Enchanter began the quest for the Orb.
     0 | D:1      | Reached XP level 1. HP: 9/9 MP: 5/5
   400 | D:1      | Reached XP level 2. HP: 13/13 MP: 6/6
  1202 | D:2      | Reached XP level 3. HP: 17/17 MP: 8/8
  2025 | D:2      | Found a sacrificial altar of Ru.
  2313 | D:2      | Found Zafroso's Antique Armour Emporium.
  2717 | D:2      | Learned a level 2 spell: Ensorcelled Hibernation
  2721 | D:2      | Learned a level 3 spell: Confusing Touch
  2725 | D:2      | Learned a level 3 spell: Mephitic Cloud
  2770 | D:3      | Reached skill level 1 in Fighting
  2770 | D:3      | Reached skill level 5 in Stealth
  2807 | D:3      | Reached XP level 4. HP: 20/22 MP: 9/9
  3021 | D:3      | Noticed Terence
  3133 | D:3      | Killed Terence
  3143 | D:3      | Gained mutation: You have a pair of small horns on your
                  | head. [potion of mutation]
  3143 | D:3      | Gained mutation: You are frail. (-10% HP) [potion of
                  | mutation]
  3143 | D:3      | Gained mutation: You have a somewhat thin skeletal
                  | structure. (Dex +2, Stealth+) [potion of mutation]
  3245 | D:3      | Reached XP level 5. HP: 22/22 MP: 7/11
  3777 | D:4      | Noticed a phantom
  3784 | D:4      | Killed a phantom
  3785 | D:4      | Reached XP level 6. HP: 23/27 MP: 11/13
  3814 | D:4      | Found a large runed translucent door.
  3814 | D:4      | Found a large runed translucent door.
  3826 | D:4      | Noticed Ijyb
  3832 | D:4      | Killed Ijyb
  3837 | D:4      | Found a broken altar of Ashenzari.
  3870 | D:4      | Became a worshipper of Ashenzari the Shackled
  3891 | D:4      | Reached skill level 6 in Stealth
  3991 | D:4      | Reached skill level 5 in Hexes
  4090 | D:4      | Found a large runed translucent door.
  4090 | D:4      | Found a large runed translucent door.
  4091 | D:4      | Noticed an ice beast
  4133 | D:4      | Reached skill level 1 in Alchemy
  4135 | D:4      | Got the Octavo of Hexes and Ozone
  4140 | D:4      | Learned a level 3 spell: Tukima's Dance
  4325 | D:4      | Reached XP level 7. HP: 18/31 MP: 11/14
  4465 | D:5      | Entered Level 5 of the Dungeon
  4486 | D:5      | Reached skill level 5 in Dodging
  4836 | D:5      | Reached skill level 5 in Spellcasting
  5264 | D:5      | Reached skill level 7 in Stealth
  5284 | D:5      | Learned a level 1 spell: Apportation
  5490 | D:5      | Reached XP level 8. HP: 27/35 MP: 13/17
  6400 | D:6      | Found a blossoming altar of Fedhas.
  6460 | D:6      | Reached skill level 8 in Stealth
  6481 | D:6      | Reached skill level 1 in Translocations
  6578 | D:6      | Noticed Grinder
  6601 | D:6      | Killed Grinder
  6602 | D:6      | Reached skill level 5 in Short Blades
  6602 | D:6      | Reached skill level 1 in Ice Magic
  6693 | D:6      | Found a transporter.
  6694 | D:6      | Noticed kalagan's ghost (novice DECj)
  6700 | D:6      | Found a transporter.
  6751 | D:6      | Noticed Menkaure
  6756 | D:6      | Killed Menkaure
  6757 | D:6      | Reached XP level 9. HP: 37/37 MP: 19/19
  7095 | D:6      | Found a staircase to the Ecumenical Temple.
  7104 | Temple   | Entered the Ecumenical Temple
  7323 | D:6      | Reached skill level 9 in Stealth
  7748 | D:7      | Learned a level 2 spell: Blink
  7958 | D:7      | Found an iron altar of Okawaru.
  8329 | D:7      | Learned a level 4 spell: Olgreb's Toxic Radiance
  8400 | D:7      | Found Ukky's Distillery.
  8408 | D:7      | Bought a potion of brilliance for 44 gold pieces
  8408 | D:7      | Bought a potion of resistance for 110 gold pieces
  8417 | D:7      | Reached * piety under Ashenzari
  8722 | D:7      | Noticed Prince Ribbit
  8728 | D:7      | Killed Prince Ribbit
  8799 | D:7      | Found a shimmering blue altar of Sif Muna.
  8845 | D:8      | Reached XP level 10. HP: 42/42 MP: 18/23
  8879 | D:8      | Reached skill level 10 in Stealth
  9915 | D:8      | Found a hide-covered altar of Uskayaw.
 10018 | D:8      | Noticed a two-headed ogre
 10082 | D:8      | Killed a two-headed ogre
 10697 | D:9      | Noticed a two-headed ogre
 10707 | D:9      | Killed a two-headed ogre
 10708 | D:9      | Reached skill level 11 in Stealth
 10708 | D:9      | Reached skill level 5 in Alchemy
 10766 | D:9      | Found a staircase to the Lair.
 11093 | D:9      | Reached XP level 11. HP: 45/45 MP: 21/25
 11134 | D:9      | Reached skill level 1 in Conjurations
 11855 | D:10     | Entered Level 10 of the Dungeon
 11858 | D:10     | Noticed Urug
 12213 | Lair:1   | Entered Level 1 of the Lair of Beasts
 12414 | Lair:1   | HP: 2/45 [komodo dragon (19)]
 12416 | Lair:1   | Mangled by a komodo dragon

Illustrated notes

Levels and vault maps discovered:
D:1:      dpeg_arrival_solitude, layout_loops_corners, minmay_surrounded
D:2:      layout_basic, serial_shops, nicolae_shop_statue_plus, basic_altar,
          kennysheep_generic_room_8
D:3:      layout_basic, grunt_decor_arrowhead, grunt_decor_clamped, uniq_terence
D:4:      layout_basic, lemuel_doored_altar, minmay_hollow_rounded_squares,
          uniq_ijyb
D:5:      layout_basic
D:6:      layout_loops_cross, fedhas_bush_and_centaur_altar,
          lemuel_temple_firewalk_b, gammafunk_ghost_arena, uniq_menkaure,
          uniq_grinder
D:7:      layout_loops_ring, kennysheep_mini_moat, amcnicky_altar_gilded,
          serial_shops, shop, hex_large, uniq_prince_ribbit1
D:8:      minmay_clustersquares, layout_gridville, mainiacjoe_overflow_alcove_4,
          dk_noncrumbling_3, grunt_ministairs_1, minmay_misc_feat_square
D:9:      layout_stronghold, erik_lair_orcish_takeover, kennysheep_doodads
D:10:     layout_roguey, enter_bailey_5, serial_demonic, serial_demonic_b,
          serial_demonic_a, serial_demonic_a, serial_demonic_d, uniq_urug,
          uniq_fannar, uniq_psyche
Temple:   nicolae_temple_bog_church
Lair:1:   layout_gridlike, serial_bayou_pond_b, nicolae_quartered_pool_impasse,
          beast_lair_carwin_11

Skill      XL: |  1  2  3  4  5  6  7  8  9 10 11 |
---------------+----------------------------------+-----
Dodging        | 3 4 5 6 8 9 |  9.8
Spellcasting   | 3 4 5 6 7 8 9 |  9.0
Hexes          | 4 5 6 7 8 9 |  9.2
Fighting       | 1 2 |  2.0
Short Blades   | 2 3 4 5 6 7 8 |  8.0
Stealth        | 5 6 7 8 9 11 | 11.8
Alchemy        | 1 2 3 5 |  5.8
Translocations | 2 4 |  4.0
Ice Magic      | 1 2 3 |  3.8
Conjurations   | 2 |  2.0

Action                     |  1- 3 |  4- 6 |  7- 9 | 10-12 || total
---------------------------+-------+-------+-------+-------++-------
  Melee: Dagger            |   213 |   120 |   325 |   272 ||   930
         Punch             |       |     2 |     2 |     4 ||     8
         Headbutt          |       |     6 |    73 |    68 ||   147
  Throw: Stone             |     2 |       |       |       ||     2
         Dart              |       |     3 |    35 |    51 ||    89
   Cast: Confusing Touch   |       |     4 |    20 |    15 ||    39
         Ensorcelled Hiber |       |     4 |    46 |    36 ||    86
         Mephitic Cloud    |       |     1 |     3 |     5 ||     9
         Tukima's Dance    |       |       |    28 |    17 ||    45
         Olgreb's Toxic Ra |       |       |       |     6 ||     6
         Blink             |       |       |       |     5 ||     5
         Apportation       |       |       |       |     1 ||     1
 Invoke: Curse Item        |       |       |     2 |       ||     2
    Use: Potion            |     5 |     2 |     1 |     6 ||    14
         Scroll            |     3 |     3 |     4 |       ||    10
   Stab: Sleeping          |    13 |    15 |    45 |    31 ||   104
         Confused          |       |     6 |    14 |    15 ||    35
         Distracted        |       |       |     1 |     5 ||     6
 Armour: Robe              |    60 |    17 |    64 |    66 ||   207
  Dodge: Dodged            |   162 |    78 |   225 |   186 ||   651
